Penguins vs Avalanche

Created - April 16, 2021 at 19:01

Goals
1 2 3 T
Penguins 0 3 0 3
Avalanche 1 1 0 2
Shots
1 2 3 T
Penguins 8 14 8 30
Avalanche 14 7 17 38

1st period

1. Avalanche , Andrew Ladd 16 (Charlie Coyle 17, Erik Karlsson 31) at 16:24

Penalties :
Gilbert Brule (Pit) for Hooking (Minor) at 8:38

2nd period

2. Penguins , Nikita Kucherov 36 (Jason Zucker 15) at 5:20 (PP)
3. Penguins , Jeff Tambellini 1 (Danny DeKeiser 28) at 8:14
4. Penguins , Nikita Kucherov 37 (Shea Weber 22, Steven Stamkos 61) at 12:14 (PP)
5. Avalanche , Colten Teubert 3 (Paul Stastny 32) at 17:51

Penalties :
Colten Teubert (Col) for Tripping (Minor) at 0:37, Paul Stastny (Col) for Interference (Minor) at 5:05, Danny Richmond (Col) for Slashing (Minor) at 12:03, Steven Stamkos (Pit) for Roughing (Minor) at 18:45

3rd period

No Goal

Penalties :
Jean-Gabriel Pageau (Pit) for High sticking (Minor) at 8:15, Keith Aulie (Pit) for Hooking (Minor) at 11:09, Kyle Turris (Col) for Holding (Minor) at 15:48, Marcus Foligno (Pit) for High sticking (Minor) at 18:54

Goalie Stats

Michal Neuvirth (Pit), 36 saves from 38 shots - (0.947), W, 34-22-7, 60:00 minutes
Semyon Varlamov (Col), 27 saves from 30 shots - (0.900), L, 23-12-5, 58:46 minutes

Players Stats for Penguins

Player Name              G  A  P  +/- PIM S  H  SB GA TA FO     MP     PP MP  PK MP  
------------------------------------------------------------------------------------
Andrew Cogliano          0  0  0  -1  0   1  3  0  1  0  1/2    19:25   1:48   5:22 
Cal Clutterbuck          0  0  0   1  0   1  1  0  0  0  0/1    10:19   0:00   1:53 
Danny DeKeiser           0  1  1   1  0   1  1  0  0  3  0/0    16:08   0:00   3:30 
Gilbert Brule            0  0  0  -1  2   1  1  0  1  2  4/8    14:19   1:48   0:21 
Jake McCabe              0  0  0   1  0   0  0  1  0  0  0/0    13:57   1:27   0:00 
Jason Zucker             0  1  1   0  0   1  1  0  0  0  2/4    18:01   2:30   0:00 
Jean-Gabriel Pageau      0  0  0  -1  2   2  0  1  0  0  3/5    13:07   0:00   1:56 
Jeff Schultz             0  0  0  -2  0   0  3  2  0  1  0/0    19:15   0:00   5:31 
Jeff Skinner             0  0  0  -1  0   0  1  0  0  0  0/0    10:34   0:00   0:00 
Jeff Tambellini          1  0  1   1  0   1  1  0  0  0  0/1     9:08   0:06   1:43 
Joe Colborne             0  0  0   1  0   3  1  0  0  0  3/5    11:22   0:00   3:08 
Keith Aulie              0  0  0  -2  2   2  0  0  0  0  0/0    17:21   2:57   0:00 
Marcus Foligno           0  0  0  -1  2   2  2  0  0  0  0/0    10:40   0:06   0:00 
Nikita Kucherov          2  0  2   0  0   5  2  0  2  1  1/3    18:01   2:30   0:00 
Sean Zimmerman           0  0  0   0  0   2  2  1  0  0  0/0    26:40   1:27   5:31 
Shea Weber               0  1  1   0  0   2  1  2  0  0  0/0    26:48   2:57   3:30 
Steven Stamkos           0  1  1   0  2   5  3  1  2  0  16/35  21:51   2:36   3:39 
Teuvo Teravainen         0  0  0  -1  0   1  2  0  0  1  0/1    13:58   1:48   0:00 

Players Stats for Avalanche

Player Name              G  A  P  +/- PIM S  H  SB GA TA FO     MP     PP MP  PK MP  
------------------------------------------------------------------------------------
Andrew Ladd              1  0  1   1  0   2  0  0  1  0  1/1    13:39   0:02   2:26 
Bryan Little             0  0  0   0  0   5  5  0  1  0  15/27  19:25   4:54   0:19 
Charlie Coyle            0  1  1   1  0   1  1  0  1  0  5/11   14:08   0:26   2:27 
Colten Teubert           1  0  1   2  2   2  3  0  0  1  0/0    20:03   3:29   0:44 
Danny Richmond           0  0  0   0  2   1  1  1  0  0  0/0    12:54   0:00   0:49 
Erik Condra              0  0  0  -1  0   1  0  0  0  0  0/0     8:27   0:00   0:00 
Erik Karlsson            0  1  1   2  0   3  2  1  0  1  0/0    23:09   5:32   1:09 
Evgeny Dadonov           0  0  0   1  0   6  0  0  0  0  0/0    16:23   4:05   0:00 
Jack Johnson             0  0  0  -1  0   1  0  1  0  0  0/0    23:33   3:29   2:00 
James Van Riemsdyk       0  0  0   1  0   1  0  0  1  0  1/2    17:37   4:05   0:51 
Kyle Turris              0  0  0  -1  2   0  0  0  0  1  3/5     9:01   0:00   0:31 
Marc Staal               0  0  0  -1  0   1  1  3  0  1  0/0    26:57   5:32   2:33 
Mattias Ekholm           0  0  0   0  0   1  0  1  0  0  0/0    13:45   0:00   1:33 
Mikkel Boedker           0  0  0   0  0   5  1  0  2  1  0/0    19:06   4:54   0:00 
Patric Hornqvist         0  0  0   0  0   3  0  1  1  1  0/2    19:30   4:32   0:00 
Paul Stastny             0  1  1   1  2   2  3  0  0  0  10/17  17:27   4:05   1:01 
Peter Prucha             0  0  0   1  0   1  2  0  0  0  0/0    12:01   0:00   1:13 
Tomas Tatar              0  0  0  -1  0   2  0  0  1  0  0/0     8:27   0:00   0:00 

3 Stars

1 - Nikita Kucherov (Pit)
2 - Michal Neuvirth (Pit)
3 - Jeff Tambellini (Pit)

Power Play

Penguins - 2 on 4 Attempt(s) - 50.00%
Avalanche - 0 on 5 Attempt(s) - 0.00%

Penalty Kill

Penguins - 5 on 5 Attempt(s) - 100.00% - Score 0 goal in Penalty Kill
Avalanche - 2 on 4 Attempt(s) - 50.00% - Score 0 goal in Penalty Kill

Team Stat

Penguins - Hits : 25 - Faceoff Wins : 30 - Blocked Shots : 8 - Penalty Minutes : 10
Avalanche - Hits : 19 - Faceoff Wins : 35 - Blocked Shots : 8 - Penalty Minutes : 8

Official

Referees : Unknown
Linesman : Unknown

Game Notes

No Game Note

Finance

Level 1 -- Attendance: 6000 (100.00%) -- Ticket Income $534,000
Level 2 -- Attendance: 5000 (100.00%) -- Ticket Income $275,000
Level 3 -- Attendance: 2000 (100.00%) -- Ticket Income $66,000
Level 4 -- Attendance: 4000 (100.00%) -- Ticket Income $92,000
Luxury Box -- Attendance: 978 (97.80%) -- Ticket Income $168,216
Game was played at the Pepsi Center.
Total Attendance: 17978 (99.88%)
Total Ticket Income: $1,135,216
Other Income: $170,282
Total Income: $1,305,498

Penguins

5 vs 5 Forward 
   Center                   Left Wing                Right Wing               Time % Phy DF OF 
 1 Steven Stamkos           Jason Zucker             Nikita Kucherov          40     0   2  3  
 2 Gilbert Brule            Andrew Cogliano          Teuvo Teravainen         30     0   2  3  
 3 Jean-Gabriel Pageau      Jeff Skinner             Marcus Foligno           20     0   2  3  
 4 Joe Colborne             Jeff Tambellini          Cal Clutterbuck          10     0   2  3  

5 vs 5 Defense 
   Defense                  Defense                                           Time % Phy DF OF 
 1 Sean Zimmerman           Shea Weber                                        40     1   2  2  
 2 Jeff Schultz             Keith Aulie                                       30     1   2  2  
 3 Danny DeKeiser           Jake McCabe                                       20     1   2  2  
 4 Sean Zimmerman           Shea Weber                                        10     1   2  2  

PowerPlay Forward 
   Center                   Left Wing                Right Wing               Time % Phy DF OF 
 1 Steven Stamkos           Jason Zucker             Nikita Kucherov          60     0   1  4  
 2 Gilbert Brule            Andrew Cogliano          Teuvo Teravainen         40     0   1  4  

PowerPlay Defense
   Defense                  Defense                                           Time % Phy DF OF 
 1 Shea Weber               Keith Aulie                                       60     0   2  3  
 2 Sean Zimmerman           Jake McCabe                                       40     0   2  3  

Penalty Kill 4 Players Forward 
   Center                   Wing                     Time % Phy DF OF 
 1 Steven Stamkos           Andrew Cogliano          60     1   3  1  
 2 Joe Colborne             Cal Clutterbuck          40     1   3  1  

Penalty Kill 4 Players Defense
   Defense                  Defense                  Time % Phy DF OF 
 1 Sean Zimmerman           Jeff Schultz             60     1   3  1  
 2 Danny DeKeiser           Shea Weber               40     1   3  1  

Penalty Kill - 3 Players Forward 
   Forward                                           Time % Phy DF OF 
 1 Joe Colborne                                      60     1   3  1  
 2 Cal Clutterbuck                                   40     1   3  1  

Penalty Kill - 3 Players Defense
   Defense                  Defense                  Time % Phy DF OF 
 1 Sean Zimmerman           Jeff Schultz             60     1   3  1  
 2 Danny DeKeiser           Shea Weber               40     1   3  1  

4 vs 4 Forward 
   Center                   Wing                     Time % Phy DF OF 
 1 Steven Stamkos           Nikita Kucherov          60     0   2  3  
 2 Gilbert Brule            Andrew Cogliano          40     0   2  3  

4 vs 4 Defense
   Defense                  Defense                  Time % Phy DF OF 
 1 Sean Zimmerman           Shea Weber               60     1   2  2  
 2 Jeff Schultz             Keith Aulie              40     1   2  2  

Last Minutes Offensive
   Center                   Left Wing                Right Wing               Defense                  Defense                  
   Steven Stamkos           Jason Zucker             Nikita Kucherov          Shea Weber               Keith Aulie              

Last Minutes Defensive
   Center                   Left Wing                Right Wing               Defense                  Defense                  
   Steven Stamkos           Andrew Cogliano          Cal Clutterbuck          Sean Zimmerman           Jeff Schultz             

Goaltenders
Starting : Michal Neuvirth          
Backup : Sergei Bobrovsky         

Extra Forwards
Normal : Steven Stamkos, Jeff Skinner, Marcus Foligno - PP : Steven Stamkos, Andrew Cogliano - PK : Joe Colborne
Extra Defensemen
Normal : Sean Zimmerman, Keith Aulie, Jake McCabe - PP : Keith Aulie - PK : Sean Zimmerman, Jeff Schultz
Penalty Shots
Nikita Kucherov, Steven Stamkos, Andrew Cogliano, Gilbert Brule, Jeff Skinner

Scratches
Andreas Martinsen (Healthy), Alexei Marchenko (Healthy), Marian Hossa (Healthy)

Avalanche

5 vs 5 Forward 
   Center                   Left Wing                Right Wing               Time % Phy DF OF 
 1 Bryan Little             Mikkel Boedker           Patric Hornqvist         35     1   2  2  
 2 Paul Stastny             James Van Riemsdyk       Evgeny Dadonov           30     1   2  2  
 3 Charlie Coyle            Andrew Ladd              Peter Prucha             25     1   2  2  
 4 Kyle Turris              Tomas Tatar              Erik Condra              10     1   2  2  

5 vs 5 Defense 
   Defense                  Defense                                           Time % Phy DF OF 
 1 Jack Johnson             Marc Staal                                        40     1   2  2  
 2 Erik Karlsson            Colten Teubert                                    35     1   2  2  
 3 Mattias Ekholm           Danny Richmond                                    25     1   2  2  
 4 Jack Johnson             Marc Staal                                        0      1   2  2  

PowerPlay Forward 
   Center                   Left Wing                Right Wing               Time % Phy DF OF 
 1 Bryan Little             Mikkel Boedker           Patric Hornqvist         60     1   2  2  
 2 Paul Stastny             James Van Riemsdyk       Evgeny Dadonov           40     1   2  2  

PowerPlay Defense
   Defense                  Defense                                           Time % Phy DF OF 
 1 Erik Karlsson            Marc Staal                                        60     1   2  2  
 2 Jack Johnson             Colten Teubert                                    40     1   2  2  

Penalty Kill 4 Players Forward 
   Center                   Wing                     Time % Phy DF OF 
 1 Charlie Coyle            Andrew Ladd              60     1   2  2  
 2 Kyle Turris              Paul Stastny             40     1   2  2  

Penalty Kill 4 Players Defense
   Defense                  Defense                  Time % Phy DF OF 
 1 Jack Johnson             Marc Staal               60     1   2  2  
 2 Mattias Ekholm           Colten Teubert           40     1   2  2  

Penalty Kill - 3 Players Forward 
   Forward                                           Time % Phy DF OF 
 1 Mikkel Boedker                                    60     1   2  2  
 2 Patric Hornqvist                                  40     1   2  2  

Penalty Kill - 3 Players Defense
   Defense                  Defense                  Time % Phy DF OF 
 1 Jack Johnson             Marc Staal               60     1   2  2  
 2 Erik Karlsson            Colten Teubert           40     1   2  2  

4 vs 4 Forward 
   Center                   Wing                     Time % Phy DF OF 
 1 Mikkel Boedker           Patric Hornqvist         60     1   2  2  
 2 Bryan Little             Paul Stastny             40     1   2  2  

4 vs 4 Defense
   Defense                  Defense                  Time % Phy DF OF 
 1 Jack Johnson             Marc Staal               60     1   2  2  
 2 Erik Karlsson            Colten Teubert           40     1   2  2  

Last Minutes Offensive
   Center                   Left Wing                Right Wing               Defense                  Defense                  
   Bryan Little             Mikkel Boedker           Patric Hornqvist         Jack Johnson             Erik Karlsson            

Last Minutes Defensive
   Center                   Left Wing                Right Wing               Defense                  Defense                  
   Bryan Little             Mikkel Boedker           Patric Hornqvist         Jack Johnson             Marc Staal               

Goaltenders
Starting : Semyon Varlamov          
Backup : Cam Ward                 

Extra Forwards
Normal : Charlie Coyle, Andrew Ladd, Peter Prucha - PP : Charlie Coyle, Andrew Ladd - PK : Peter Prucha
Extra Defensemen
Normal : Mattias Ekholm, Danny Richmond, Erik Karlsson - PP : Mattias Ekholm - PK : Danny Richmond, Erik Karlsson
Penalty Shots
Mikkel Boedker, Patric Hornqvist, Bryan Little, Paul Stastny, Evgeny Dadonov

Scratches
Luke Witkowski (Healthy)

% Time on Ice - Penguins

Lines # - Real PCT - Wanted PCT - Time Play
Normal Forward
1 - 34% - 40% - 15:37
2 - 29% - 30% - 13:18
3 - 22% - 20% - 10:22
4 - 16% - 10% - 7:18
Normal Defense
1 - 37% - 40% - 17:24
2 - 35% - 30% - 16:08
3 - 24% - 20% - 11:06
4 - 4% - 10% - 1:57
PP Forward
1 - 59% - 60% - 2:36
2 - 41% - 40% - 1:48
PP Defense
1 - 67% - 60% - 2:57
2 - 33% - 40% - 1:27
PK Forward
1 - 79% - 60% - 7:08
2 - 21% - 40% - 1:53
PK Defense
1 - 61% - 60% - 5:31
2 - 39% - 40% - 3:30
PK3 Forward
1 - 0% - 60%
2 - 0% - 40%
PK3 Defense
1 - 0% - 60%
2 - 0% - 40%
44 Forward
1 - 0% - 60%
2 - 0% - 40%
44 Defense
1 - 0% - 60%
2 - 0% - 40%
Last Minute Offensive  - 0:00
Last Minute Defensive  - 0:00
Total
Forward - 60:00
Defense - 60:00

% Time on Ice - Avalanche

Lines # - Real PCT - Wanted PCT - Time Play
Normal Forward
1 - 33% - 35% - 15:18
2 - 27% - 30% - 12:22
3 - 22% - 25% - 10:25
4 - 18% - 10% - 8:27
Normal Defense
1 - 41% - 40% - 18:52
2 - 34% - 35% - 15:51
3 - 25% - 25% - 11:49
4 - 0% - 0% - 0:00
PP Forward
1 - 55% - 60% - 4:56
2 - 45% - 40% - 4:05
PP Defense
1 - 61% - 60% - 5:32
2 - 39% - 40% - 3:29
PK Forward
1 - 77% - 60% - 3:23
2 - 23% - 40% - 1:01
PK Defense
1 - 58% - 60% - 2:33
2 - 42% - 40% - 1:51
PK3 Forward
1 - 0% - 60%
2 - 0% - 40%
PK3 Defense
1 - 0% - 60%
2 - 0% - 40%
44 Forward
1 - 0% - 60%
2 - 0% - 40%
44 Defense
1 - 0% - 60%
2 - 0% - 40%
Last Minute Offensive  - 0:03
Last Minute Defensive  - 0:00
Total
Forward - 60:00
Defense - 60:00

Play-by-Play

1st period


0:01 of 1st period - Steven Stamkos wins face-off versus Patric Hornqvist in neutral zone.
0:12 of 1st period - Snap shot by Steven Stamkos.
0:12 of 1st period - Shot Misses the Net.
0:35 of 1st period - Snap shot by Teuvo Teravainen.
0:35 of 1st period - Stopped by Semyon Varlamov with a rebound.
0:37 of 1st period - Slapshot by Keith Aulie.
0:37 of 1st period - Stopped by Semyon Varlamov with a rebound.
1:21 of 1st period - Wrist shot by Cal Clutterbuck.
1:21 of 1st period - Shot Misses the Net.
2:53 of 1st period - Wrist shot by Cal Clutterbuck.
2:53 of 1st period - Shot Misses the Net.
3:09 of 1st period - Slapshot by Mikkel Boedker.
3:09 of 1st period - Stopped by Michal Neuvirth with a rebound.
3:17 of 1st period - Marc Staal is hit by Jeff Schultz and loses puck.
3:30 of 1st period - Snap shot by Paul Stastny.
3:30 of 1st period - Deflect By Evgeny Dadonov.
3:30 of 1st period - Shot Misses the Net.
3:30 of 1st period - Puck is out of play.
3:31 of 1st period - Gilbert Brule wins face-off versus Paul Stastny in Penguins zone.
3:35 of 1st period - Off-side.
3:36 of 1st period - Paul Stastny wins face-off versus Steven Stamkos in neutral zone.
3:51 of 1st period - Slapshot by Erik Karlsson.
3:51 of 1st period - Deflect By Danny DeKeiser.
3:51 of 1st period - Stopped by Michal Neuvirth with a rebound.
4:45 of 1st period - Wrist shot by Nikita Kucherov.
4:45 of 1st period - Stopped by Semyon Varlamov without a rebound.
4:46 of 1st period - Bryan Little wins face-off versus Gilbert Brule in Avalanche zone.
6:03 of 1st period - Slapshot by Bryan Little.
6:03 of 1st period - Deflect By Patric Hornqvist.
6:03 of 1st period - Stopped by Michal Neuvirth with a rebound.
7:28 of 1st period - Off-side.
7:29 of 1st period - Kyle Turris wins face-off versus Jeff Tambellini in neutral zone.
7:31 of 1st period - Off-side.
7:32 of 1st period - Joe Colborne wins face-off versus Kyle Turris in neutral zone.
8:03 of 1st period - Slapshot by Tomas Tatar.
8:03 of 1st period - Deflect By Erik Condra.
8:03 of 1st period - Stopped by Michal Neuvirth with a rebound.
8:05 of 1st period - Slapshot by Colten Teubert.
8:05 of 1st period - Stopped by Michal Neuvirth without a rebound.
8:06 of 1st period - Bryan Little wins face-off versus Steven Stamkos in Penguins zone.
8:11 of 1st period - Slapshot by Bryan Little.
8:11 of 1st period - Stopped by Michal Neuvirth without a rebound.
8:12 of 1st period - Bryan Little wins face-off versus Steven Stamkos in Penguins zone.
8:21 of 1st period - Wrist shot by Patric Hornqvist.
8:21 of 1st period - Stopped by Michal Neuvirth with a rebound.
8:23 of 1st period - Slapshot by Marc Staal.
8:23 of 1st period - Deflect By Mikkel Boedker.
8:23 of 1st period - Shot Blocked by Steven Stamkos.
8:23 of 1st period - Puck is out of play.
8:24 of 1st period - Andrew Ladd wins face-off versus Gilbert Brule in Penguins zone.
8:31 of 1st period - Snap shot by Charlie Coyle.
8:31 of 1st period - Shot Misses the Net.
8:38 of 1st period - Minor Penalty to Gilbert Brule for Hooking.
8:39 of 1st period - Steven Stamkos wins face-off versus Bryan Little in Penguins zone.
8:49 of 1st period - Sean Zimmerman is hit by Marc Staal and loses puck.
10:38 of 1st period - Penalty to Gilbert Brule is over, Gilbert Brule is back on ice.
11:12 of 1st period - Snap shot by Tomas Tatar.
11:12 of 1st period - Stopped by Michal Neuvirth with a rebound.
11:14 of 1st period - Slapshot by Mattias Ekholm.
11:14 of 1st period - Deflect By Jean-Gabriel Pageau.
11:14 of 1st period - Stopped by Michal Neuvirth without a rebound.
11:15 of 1st period - Gilbert Brule wins face-off versus Charlie Coyle in Penguins zone.
11:22 of 1st period - Snap shot by Gilbert Brule.
11:22 of 1st period - Shot Misses the Net.
12:03 of 1st period - Bryan Little is hit by Steven Stamkos.
12:21 of 1st period - Erik Karlsson is hit by Sean Zimmerman.
12:51 of 1st period - Wrist shot by Andrew Ladd.
12:51 of 1st period - Stopped by Michal Neuvirth without a rebound.
12:52 of 1st period - Steven Stamkos wins face-off versus Bryan Little in Penguins zone.
12:52 of 1st period - Steven Stamkos is hit by Bryan Little.
13:24 of 1st period - Slapshot by James Van Riemsdyk.
13:24 of 1st period - Stopped by Michal Neuvirth with a rebound.
13:42 of 1st period - Wrist shot by Peter Prucha.
13:42 of 1st period - Stopped by Michal Neuvirth without a rebound.
13:43 of 1st period - Steven Stamkos wins face-off versus Charlie Coyle in Penguins zone.
13:57 of 1st period - Icing by Colten Teubert.
13:58 of 1st period - Gilbert Brule wins face-off versus Charlie Coyle in Avalanche zone.
14:09 of 1st period - Snap shot by Erik Karlsson.
14:09 of 1st period - Stopped by Michal Neuvirth without a rebound.
14:10 of 1st period - Jason Zucker wins face-off versus Bryan Little in Penguins zone.
15:02 of 1st period - Andrew Ladd is hit by Marcus Foligno.
15:27 of 1st period - Snap shot by Joe Colborne.
15:27 of 1st period - Stopped by Semyon Varlamov without a rebound.
15:28 of 1st period - Bryan Little wins face-off versus Steven Stamkos in Avalanche zone.
15:55 of 1st period - Andrew Cogliano is hit by Paul Stastny and loses puck.
16:24 of 1st period - Snap shot by Andrew Ladd.
16:24 of 1st period - Goal by Andrew Ladd - Penguins : 0 - Avalanche : 1.
16:25 of 1st period - Steven Stamkos wins face-off versus Bryan Little in neutral zone.
16:30 of 1st period - Slapshot by Sean Zimmerman.
16:30 of 1st period - Stopped by Semyon Varlamov with a rebound.
16:32 of 1st period - Snap shot by Steven Stamkos.
16:32 of 1st period - Shot Blocked by Marc Staal.
16:38 of 1st period - Backhand shot by Jason Zucker.
16:38 of 1st period - Deflect By Nikita Kucherov.
16:38 of 1st period - Stopped by Semyon Varlamov with a rebound.
16:54 of 1st period - Off-side.
16:55 of 1st period - Paul Stastny wins face-off versus Gilbert Brule in neutral zone.
17:04 of 1st period - Danny Richmond is hit by Jeff Schultz and loses puck.
17:27 of 1st period - Slapshot by Marcus Foligno.
17:27 of 1st period - Shot Blocked by Danny Richmond.
17:29 of 1st period - Wrist shot by Marcus Foligno.
17:29 of 1st period - Stopped by Semyon Varlamov without a rebound.
17:30 of 1st period - Bryan Little wins face-off versus Jean-Gabriel Pageau in Avalanche zone.
17:54 of 1st period - Marc Staal is hit by Jeff Skinner and loses puck.
18:07 of 1st period - Wrist shot by Evgeny Dadonov.
18:07 of 1st period - Shot Misses the Net.
18:37 of 1st period - Steven Stamkos is hit by Bryan Little and loses puck.
19:04 of 1st period - Andrew Cogliano is hit by Danny Richmond and loses puck.
19:19 of 1st period - Slapshot by Joe Colborne.
19:19 of 1st period - Stopped by Semyon Varlamov with a rebound.
Goals for this period are 0 for Penguins vs 1 for Avalanche.
Shots for this period are 8 for Penguins vs 14 for Avalanche.

2nd period


0:01 of 2nd period - Bryan Little wins face-off versus Nikita Kucherov in neutral zone.
0:04 of 2nd period - Slapshot by Erik Karlsson.
0:04 of 2nd period - Stopped by Michal Neuvirth without a rebound.
0:05 of 2nd period - Steven Stamkos wins face-off versus Bryan Little in Penguins zone.
0:16 of 2nd period - Slapshot by Patric Hornqvist.
0:16 of 2nd period - Shot Misses the Net.
0:37 of 2nd period - Minor Penalty to Colten Teubert for Tripping.
0:38 of 2nd period - Charlie Coyle wins face-off versus Jason Zucker in Avalanche zone.
0:54 of 2nd period - Snap shot by Jason Zucker.
0:54 of 2nd period - Stopped by Semyon Varlamov with a rebound.
2:37 of 2nd period - Penalty to Colten Teubert is over, Colten Teubert is back on ice.
2:59 of 2nd period - Snap shot by Colten Teubert.
2:59 of 2nd period - Deflect By Jeff Schultz.
2:59 of 2nd period - Shot Blocked by Jeff Schultz.
2:59 of 2nd period - Puck is out of play.
3:00 of 2nd period - Bryan Little wins face-off versus Jean-Gabriel Pageau in Penguins zone.
3:13 of 2nd period - Slapshot by Jean-Gabriel Pageau.
3:13 of 2nd period - Shot Blocked by Jack Johnson.
3:15 of 2nd period - Slapshot by Danny DeKeiser.
3:15 of 2nd period - Stopped by Semyon Varlamov with a rebound.
3:27 of 2nd period - Cal Clutterbuck is hit by Colten Teubert and loses puck.
3:48 of 2nd period - Colten Teubert is hit by Teuvo Teravainen and loses puck.
4:27 of 2nd period - Wrist shot by Gilbert Brule.
4:27 of 2nd period - Stopped by Semyon Varlamov without a rebound.
4:28 of 2nd period - Bryan Little wins face-off versus Steven Stamkos in Avalanche zone.
5:05 of 2nd period - Minor Penalty to Paul Stastny for Interference.
5:06 of 2nd period - Steven Stamkos wins face-off versus Charlie Coyle in Avalanche zone.
5:20 of 2nd period - Snap shot by Nikita Kucherov.
5:20 of 2nd period - Goal by Nikita Kucherov - Penguins : 1 - Avalanche : 1.
5:21 of 2nd period - Steven Stamkos wins face-off versus Bryan Little in neutral zone.
5:28 of 2nd period - Snap shot by Steven Stamkos.
5:28 of 2nd period - Shot Misses the Net.
5:40 of 2nd period - Patric Hornqvist is hit by Jason Zucker and loses puck.
6:54 of 2nd period - Icing by Keith Aulie.
6:55 of 2nd period - Jean-Gabriel Pageau wins face-off versus Bryan Little in Penguins zone.
6:55 of 2nd period - Jean-Gabriel Pageau is hit by Bryan Little.
7:58 of 2nd period - Jack Johnson is hit by Andrew Cogliano and loses puck.
8:14 of 2nd period - Wrist shot by Jeff Tambellini.
8:14 of 2nd period - Goal by Jeff Tambellini - Penguins : 2 - Avalanche : 1.
8:15 of 2nd period - Bryan Little wins face-off versus Steven Stamkos in neutral zone.
8:26 of 2nd period - Wrist shot by Mikkel Boedker.
8:26 of 2nd period - Shot Blocked by Shea Weber.
8:28 of 2nd period - Wrist shot by Bryan Little.
8:28 of 2nd period - Stopped by Michal Neuvirth without a rebound.
8:29 of 2nd period - Paul Stastny wins face-off versus Steven Stamkos in Penguins zone.
8:33 of 2nd period - Wrist shot by Evgeny Dadonov.
8:33 of 2nd period - Stopped by Michal Neuvirth with a rebound.
8:35 of 2nd period - Slapshot by Marc Staal.
8:35 of 2nd period - Deflect By Paul Stastny.
8:35 of 2nd period - Shot Misses the Net.
8:35 of 2nd period - Puck is out of play.
8:36 of 2nd period - Paul Stastny wins face-off versus Steven Stamkos in Penguins zone.
8:39 of 2nd period - Snap shot by Evgeny Dadonov.
8:39 of 2nd period - Stopped by Michal Neuvirth without a rebound.
8:40 of 2nd period - James Van Riemsdyk wins face-off versus Jason Zucker in Penguins zone.
8:53 of 2nd period - Mattias Ekholm is hit by Nikita Kucherov and loses puck.
9:06 of 2nd period - Bryan Little is hit by Andrew Cogliano and loses puck.
10:21 of 2nd period - Slapshot by Evgeny Dadonov.
10:21 of 2nd period - Shot Blocked by Jake McCabe.
11:01 of 2nd period - Wrist shot by Erik Karlsson.
11:01 of 2nd period - Shot Misses the Net.
11:03 of 2nd period - Wrist shot by Charlie Coyle.
11:03 of 2nd period - Shot Blocked by Sean Zimmerman.
11:05 of 2nd period - Wrist shot by Peter Prucha.
11:05 of 2nd period - Shot Misses the Net.
11:07 of 2nd period - Slapshot by Colten Teubert.
11:07 of 2nd period - Shot Misses the Net.
11:09 of 2nd period - Wrist shot by Andrew Ladd.
11:09 of 2nd period - Shot Misses the Net.
11:21 of 2nd period - Slapshot by Steven Stamkos.
11:21 of 2nd period - Stopped by Semyon Varlamov without a rebound.
11:22 of 2nd period - Kyle Turris wins face-off versus Nikita Kucherov in Avalanche zone.
11:33 of 2nd period - Slapshot by Tomas Tatar.
11:33 of 2nd period - Stopped by Michal Neuvirth without a rebound.
11:34 of 2nd period - Jason Zucker wins face-off versus Bryan Little in Penguins zone.
11:34 of 2nd period - Jason Zucker is hit by Bryan Little.
11:40 of 2nd period - Snap shot by Jason Zucker.
11:40 of 2nd period - Shot Blocked by Patric Hornqvist.
11:42 of 2nd period - Slapshot by Sean Zimmerman.
11:42 of 2nd period - Shot Misses the Net.
11:44 of 2nd period - Slapshot by Shea Weber.
11:44 of 2nd period - Stopped by Semyon Varlamov without a rebound.
11:45 of 2nd period - Paul Stastny wins face-off versus Steven Stamkos in Avalanche zone.
11:52 of 2nd period - Slapshot by Steven Stamkos.
11:52 of 2nd period - Stopped by Semyon Varlamov with a rebound.
11:54 of 2nd period - Wrist shot by Sean Zimmerman.
11:54 of 2nd period - Deflect By Nikita Kucherov.
11:54 of 2nd period - Shot Misses the Net.
11:54 of 2nd period - Puck is out of play.
11:55 of 2nd period - Steven Stamkos wins face-off versus Paul Stastny in Avalanche zone.
11:58 of 2nd period - Slapshot by Nikita Kucherov.
11:58 of 2nd period - Stopped by Semyon Varlamov with a rebound.
12:00 of 2nd period - Slapshot by Shea Weber.
12:00 of 2nd period - Stopped by Semyon Varlamov without a rebound.
12:01 of 2nd period - Nikita Kucherov wins face-off versus Patric Hornqvist in Avalanche zone.
12:03 of 2nd period - Minor Penalty to Danny Richmond for Slashing.
12:04 of 2nd period - Steven Stamkos wins face-off versus Charlie Coyle in Avalanche zone.
12:10 of 2nd period - Snap shot by Steven Stamkos.
12:10 of 2nd period - Shot Misses the Net.
12:12 of 2nd period - Slapshot by Shea Weber.
12:12 of 2nd period - Shot Misses the Net.
12:14 of 2nd period - Wrist shot by Nikita Kucherov.
12:14 of 2nd period - Goal by Nikita Kucherov - Penguins : 3 - Avalanche : 1.
12:15 of 2nd period - Bryan Little wins face-off versus Steven Stamkos in neutral zone.
12:55 of 2nd period - Wrist shot by Andrew Cogliano.
12:55 of 2nd period - Shot Misses the Net.
13:29 of 2nd period - Slapshot by Keith Aulie.
13:29 of 2nd period - Stopped by Semyon Varlamov without a rebound.
13:30 of 2nd period - Joe Colborne wins face-off versus Bryan Little in Avalanche zone.
13:46 of 2nd period - Off-side.
13:47 of 2nd period - Paul Stastny wins face-off versus Steven Stamkos in neutral zone.
13:50 of 2nd period - Slapshot by Paul Stastny.
13:50 of 2nd period - Stopped by Michal Neuvirth without a rebound.
13:51 of 2nd period - Steven Stamkos wins face-off versus Paul Stastny in Penguins zone.
14:24 of 2nd period - Wrist shot by Mikkel Boedker.
14:24 of 2nd period - Shot Misses the Net.
14:46 of 2nd period - Danny Richmond is hit by Marcus Foligno.
15:12 of 2nd period - Snap shot by Nikita Kucherov.
15:12 of 2nd period - Shot Misses the Net.
15:46 of 2nd period - Patric Hornqvist is hit by Gilbert Brule and loses puck.
16:07 of 2nd period - Slapshot by Sean Zimmerman.
16:07 of 2nd period - Shot Misses the Net.
16:09 of 2nd period - Wrist shot by Jeff Skinner.
16:09 of 2nd period - Shot Blocked by Marc Staal.
16:11 of 2nd period - Slapshot by Sean Zimmerman.
16:11 of 2nd period - Deflect By Andrew Ladd.
16:11 of 2nd period - Stopped by Semyon Varlamov with a rebound.
16:13 of 2nd period - Slapshot by Shea Weber.
16:13 of 2nd period - Shot Misses the Net.
16:46 of 2nd period - Icing by James Van Riemsdyk.
16:47 of 2nd period - Kyle Turris wins face-off versus Cal Clutterbuck in Avalanche zone.
17:18 of 2nd period - Backhand shot by Steven Stamkos.
17:18 of 2nd period - Stopped by Semyon Varlamov without a rebound.
17:19 of 2nd period - Bryan Little wins face-off versus Steven Stamkos in Avalanche zone.
17:51 of 2nd period - Wrist shot by Colten Teubert.
17:51 of 2nd period - Goal by Colten Teubert - Penguins : 3 - Avalanche : 2.
17:52 of 2nd period - Bryan Little wins face-off versus Steven Stamkos in neutral zone.
18:19 of 2nd period - Andrew Ladd is hit by Jeff Schultz.
18:39 of 2nd period - Icing by Charlie Coyle.
18:40 of 2nd period - Charlie Coyle wins face-off versus Steven Stamkos in Avalanche zone.
18:40 of 2nd period - Charlie Coyle is hit by Steven Stamkos.
18:45 of 2nd period - Minor Penalty to Steven Stamkos for Roughing.
18:46 of 2nd period - Bryan Little wins face-off versus Joe Colborne in Penguins zone.
Goals for this period are 3 for Penguins vs 1 for Avalanche.
Shots for this period are 14 for Penguins vs 7 for Avalanche.

3rd period


0:01 of 3rd period - Andrew Cogliano wins face-off versus Bryan Little in neutral zone.
0:14 of 3rd period - Wrist shot by Bryan Little.
0:14 of 3rd period - Stopped by Michal Neuvirth with a rebound.
0:24 of 3rd period - Slapshot by Jean-Gabriel Pageau.
0:24 of 3rd period - Stopped by Semyon Varlamov without a rebound.
0:25 of 3rd period - Jean-Gabriel Pageau wins face-off versus Paul Stastny in Avalanche zone.
0:26 of 3rd period - Snap shot by Andrew Cogliano.
0:26 of 3rd period - Stopped by Semyon Varlamov without a rebound.
0:27 of 3rd period - Paul Stastny wins face-off versus Andrew Cogliano in Avalanche zone.
0:45 of 3rd period - Penalty to Steven Stamkos is over, Steven Stamkos is back on ice.
1:47 of 3rd period - Snap shot by Patric Hornqvist.
1:47 of 3rd period - Shot Blocked by Jean-Gabriel Pageau.
1:49 of 3rd period - Slapshot by Mikkel Boedker.
1:49 of 3rd period - Deflect By Bryan Little.
1:49 of 3rd period - Stopped by Michal Neuvirth without a rebound.
1:50 of 3rd period - Steven Stamkos wins face-off versus Paul Stastny in Penguins zone.
2:07 of 3rd period - Slapshot by Nikita Kucherov.
2:07 of 3rd period - Shot Blocked by Mattias Ekholm.
3:08 of 3rd period - Snap shot by Jean-Gabriel Pageau.
3:08 of 3rd period - Stopped by Semyon Varlamov without a rebound.
3:09 of 3rd period - Charlie Coyle wins face-off versus Steven Stamkos in Avalanche zone.
3:09 of 3rd period - Charlie Coyle is hit by Danny DeKeiser.
3:15 of 3rd period - Snap shot by Steven Stamkos.
3:15 of 3rd period - Stopped by Semyon Varlamov with a rebound.
3:17 of 3rd period - Wrist shot by Jason Zucker.
3:17 of 3rd period - Shot Blocked by Marc Staal.
3:25 of 3rd period - Wrist shot by Steven Stamkos.
3:25 of 3rd period - Stopped by Semyon Varlamov without a rebound.
3:26 of 3rd period - Paul Stastny wins face-off versus Teuvo Teravainen in Avalanche zone.
3:31 of 3rd period - Snap shot by Evgeny Dadonov.
3:31 of 3rd period - Shot Misses the Net.
3:33 of 3rd period - Backhand shot by Evgeny Dadonov.
3:33 of 3rd period - Stopped by Michal Neuvirth without a rebound.
3:34 of 3rd period - Gilbert Brule wins face-off versus Paul Stastny in Penguins zone.
3:34 of 3rd period - Gilbert Brule is hit by Paul Stastny.
3:40 of 3rd period - Evgeny Dadonov is hit by Teuvo Teravainen and loses puck.
3:51 of 3rd period - Wrist shot by Evgeny Dadonov.
3:51 of 3rd period - Stopped by Michal Neuvirth with a rebound.
3:53 of 3rd period - Wrist shot by Danny Richmond.
3:53 of 3rd period - Shot Blocked by Jeff Schultz.
3:55 of 3rd period - Snap shot by Danny Richmond.
3:55 of 3rd period - Stopped by Michal Neuvirth without a rebound.
3:56 of 3rd period - Steven Stamkos wins face-off versus Bryan Little in Penguins zone.
4:27 of 3rd period - Andrew Cogliano is hit by Erik Karlsson and loses puck.
4:34 of 3rd period - Slapshot by Evgeny Dadonov.
4:34 of 3rd period - Stopped by Michal Neuvirth without a rebound.
4:35 of 3rd period - Steven Stamkos wins face-off versus Charlie Coyle in Penguins zone.
5:01 of 3rd period - Gilbert Brule is hit by Bryan Little and loses puck.
5:23 of 3rd period - Off-side.
5:24 of 3rd period - Jean-Gabriel Pageau wins face-off versus Paul Stastny in neutral zone.
5:35 of 3rd period - Snap shot by Evgeny Dadonov.
5:35 of 3rd period - Shot Blocked by Shea Weber.
5:49 of 3rd period - Steven Stamkos is hit by Erik Karlsson and loses puck.
6:00 of 3rd period - Wrist shot by Bryan Little.
6:00 of 3rd period - Stopped by Michal Neuvirth without a rebound.
6:01 of 3rd period - Charlie Coyle wins face-off versus Gilbert Brule in Penguins zone.
6:18 of 3rd period - Slapshot by Charlie Coyle.
6:18 of 3rd period - Stopped by Michal Neuvirth with a rebound.
6:38 of 3rd period - Wrist shot by Bryan Little.
6:38 of 3rd period - Shot Misses the Net.
6:56 of 3rd period - Jeff Skinner is hit by Paul Stastny and loses puck.
7:25 of 3rd period - Erik Condra is hit by Sean Zimmerman and loses puck.
7:47 of 3rd period - Slapshot by Steven Stamkos.
7:47 of 3rd period - Shot Blocked by Erik Karlsson.
8:07 of 3rd period - Snap shot by Mikkel Boedker.
8:07 of 3rd period - Shot Misses the Net.
8:09 of 3rd period - Snap shot by Mikkel Boedker.
8:09 of 3rd period - Stopped by Michal Neuvirth with a rebound.
8:15 of 3rd period - Minor Penalty to Jean-Gabriel Pageau for High sticking.
8:16 of 3rd period - Bryan Little wins face-off versus Steven Stamkos in Penguins zone.
8:17 of 3rd period - Snap shot by Mikkel Boedker.
8:17 of 3rd period - Stopped by Michal Neuvirth without a rebound.
8:18 of 3rd period - Steven Stamkos wins face-off versus Bryan Little in Penguins zone.
8:18 of 3rd period - Steven Stamkos is hit by Mikkel Boedker.
8:34 of 3rd period - Wrist shot by Patric Hornqvist.
8:34 of 3rd period - Stopped by Michal Neuvirth with a rebound.
10:15 of 3rd period - Penalty to Jean-Gabriel Pageau is over, Jean-Gabriel Pageau is back on ice.
10:21 of 3rd period - Marc Staal is hit by Shea Weber and loses puck.
11:00 of 3rd period - Wrist shot by Joe Colborne.
11:00 of 3rd period - Stopped by Semyon Varlamov without a rebound.
11:01 of 3rd period - Steven Stamkos wins face-off versus Kyle Turris in Avalanche zone.
11:09 of 3rd period - Minor Penalty to Keith Aulie for Hooking.
11:10 of 3rd period - Paul Stastny wins face-off versus Steven Stamkos in Penguins zone.
11:12 of 3rd period - Slapshot by Evgeny Dadonov.
11:12 of 3rd period - Stopped by Michal Neuvirth with a rebound.
11:23 of 3rd period - Evgeny Dadonov is hit by Andrew Cogliano.
11:59 of 3rd period - Snap shot by Danny DeKeiser.
11:59 of 3rd period - Deflect By Cal Clutterbuck.
11:59 of 3rd period - Stopped by Semyon Varlamov with a rebound.
12:05 of 3rd period - Joe Colborne is hit by Charlie Coyle.
13:09 of 3rd period - Penalty to Keith Aulie is over, Keith Aulie is back on ice.
13:40 of 3rd period - Colten Teubert is hit by Steven Stamkos and loses puck.
13:47 of 3rd period - Nikita Kucherov is hit by Colten Teubert and loses puck.
14:38 of 3rd period - Evgeny Dadonov is hit by Nikita Kucherov and loses puck.
15:22 of 3rd period - Snap shot by Marcus Foligno.
15:22 of 3rd period - Stopped by Semyon Varlamov with a rebound.
15:32 of 3rd period - Kyle Turris is hit by Joe Colborne.
15:42 of 3rd period - Kyle Turris is hit by Jeff Tambellini.
15:48 of 3rd period - Minor Penalty to Kyle Turris for Holding.
15:49 of 3rd period - Charlie Coyle wins face-off versus Steven Stamkos in Avalanche zone.
15:54 of 3rd period - Slapshot by Marc Staal.
15:54 of 3rd period - Stopped by Michal Neuvirth with a rebound.
15:56 of 3rd period - Wrist shot by Jack Johnson.
15:56 of 3rd period - Shot Misses the Net.
16:42 of 3rd period - Nikita Kucherov is hit by Peter Prucha and loses puck.
17:03 of 3rd period - Jake McCabe is hit by Peter Prucha and loses puck.
17:48 of 3rd period - Penalty to Kyle Turris is over, Kyle Turris is back on ice.
17:56 of 3rd period - Snap shot by Patric Hornqvist.
17:56 of 3rd period - Shot Misses the Net.
17:58 of 3rd period - Slapshot by Colten Teubert.
17:58 of 3rd period - Shot Misses the Net.
18:02 of 3rd period - Slapshot by Mikkel Boedker.
18:02 of 3rd period - Stopped by Michal Neuvirth with a rebound.
18:04 of 3rd period - Snap shot by Mikkel Boedker.
18:04 of 3rd period - Stopped by Michal Neuvirth without a rebound.
18:05 of 3rd period - Paul Stastny wins face-off versus Joe Colborne in Penguins zone.
18:08 of 3rd period - Backhand shot by Paul Stastny.
18:08 of 3rd period - Stopped by Michal Neuvirth without a rebound.
18:09 of 3rd period - Joe Colborne wins face-off versus James Van Riemsdyk in Penguins zone.
18:46 of 3rd period - Avalanche, Semyon Varlamov is pulled from the net.
18:46 of 3rd period - Wrist shot by Charlie Coyle.
18:46 of 3rd period - Shot Misses the Net.
18:48 of 3rd period - Slapshot by Jack Johnson.
18:48 of 3rd period - Stopped by Michal Neuvirth with a rebound.
18:54 of 3rd period - Minor Penalty to Marcus Foligno for High sticking.
18:55 of 3rd period - Bryan Little wins face-off versus Steven Stamkos in Penguins zone.
19:28 of 3rd period - Jeff Schultz is hit by Colten Teubert.
19:32 of 3rd period - Paul Stastny is hit by Cal Clutterbuck and loses puck.
Goals for this period are 0 for Penguins vs 0 for Avalanche.
Shots for this period are 8 for Penguins vs 17 for Avalanche.